 Dungeon Crawl Stone Soup version 0.22.0-38-g04b72b8 (webtiles) character file.

56 Marcoleric the Chopper (level 3, 0/28 HPs)
             Began as a Demonspawn Gladiator on Aug 29, 2018.
             Slain by a gnoll
             ... wielding a +0 flail
              (15 damage)
             ... on level 2 of the Dungeon.
             The game lasted 00:04:04 (1630 turns).

Marcoleric the Chopper (Demonspawn Gladiator)       Turns: 1630, Time: 00:04:05

Health: 0/28       AC:  3    Str: 11 (13) XL:     3   Next: 69%
Magic:  2/2        EV: 12    Int:  8 (9)  God:
Gold:   57         SH:  0    Dex: 11 (14) Spells: 2/2 levels left

rFire    . . .     SeeInvis .   a - +0 war axe
rCold    . . .     Gourm    .   (no shield)
rNeg     . . .     Faith    .   b - +0 leather armour
rPois    .         Spirit   .   c - +0 helmet
rElec    .         Reflect  .   h - +0 cloak
rCorr    .         Harm     .   (no gloves)
MR       .....                  (no boots)
Stlth    ++........             (no amulet)
HPRegen  0.09/turn              (no ring)
MPRegen  0.08/turn              (no ring)

@: no status effects
A: blink, deformed body, low mp 1, nightstalker 1, weak 1, sturdy frame 1
a: Blink


You were on level 2 of the Dungeon.
You were not hungry.

You visited 1 branch of the dungeon, and saw 2 of its levels.

You collected 57 gold pieces.

Inventory:

Hand Weapons
 a - a +0 war axe (weapon)
Missiles
 d - 3 throwing nets (quivered)
Armour
 b - a +0 leather armour (worn)
 c - a +0 helmet (worn)
 h - a +0 cloak (worn)
Scrolls
 e - 3 scrolls of remove curse
 g - 2 scrolls of fog
 i - 2 scrolls of identify
 k - a scroll of amnesia {unknown}
 l - a scroll of teleportation {unknown}
Potions
 j - a potion of haste
 m - 2 potions of agility {unknown}
Comestibles
 f - a ration


   Skills:
 + Level 2.3 Fighting
 + Level 3.5 Axes
 + Level 2.0 Throwing
 + Level 0.6 Armour
 + Level 3.0 Dodging
 + Level 0.1 Stealth


You had 2 spell levels left.
You didn't know any spells.
Your spell library was empty.

Dungeon Overview and Level Annotations

Branches:
Dungeon (2/15)

Altars:

Annotations:
D:2 Terence


Innate Abilities, Weirdness & Mutations

You are slightly more attuned to the shadows.
Your movements are slightly less encumbered by armour. (ER -2)
You can translocate small distances at will.
Armour fits poorly on your strangely shaped body.
Your magical capacity is low. (-10% MP)
You are weak. (Str -2)


Message History

You hear a shout!
You hit the gnoll.
The gnoll is severely wounded.
The gnoll hits you with a flail!
Ouch! That really hurt!
You slash the gnoll!
You kill the gnoll!
The gnoll closely misses you.
Terence screams, "I'm going to kill you!"
As you open the door, it creaks loudly! The gnoll closely misses you.
There is an open door here.
You hit the gnoll.
The gnoll is moderately wounded.
The gnoll barely misses you.
You hit the gnoll but do no damage.
The gnoll is moderately wounded.
The gnoll hits you with a flail!
Ouch! That really hurt!
You die...

####...# #...# #(. ..... ...
....## #.# ##...## #.####
##.....## ### # #.##.##
##.......## ##.#
###@####.#...####.........####...
....)......@ggsg@.........'......
...$####g#...####.........####...
#.# #.##.## ##.......## ##.# #
#...## ##.....## ### ###.#
##...## #.# ##'## #.# #.# #.# #.#
#.##########.##


You could see Terence, 3 gnolls and a giant cockroach.

Vanquished Creatures
  A gnoll (D:2)
  An adder (D:2)
  A dart slug (D:1)
  3 leopard geckos
  5 goblins (D:1)
  6 hobgoblins (D:1)
  3 kobolds
  A ball python (D:1)
  3 bats (D:1)
  3 frilled lizards (D:1)
  5 rats
32 creatures vanquished.

Notes
Turn   | Place    | Note
-------+----------+-------------------------------------------
     0 | D:1      | Marcoleric the Demonspawn Gladiator began the quest for the Orb.
     0 | D:1      | Reached XP level 1. HP: 16/16 MP: 1/1
   108 | D:1      | Gained mutation: You are slightly more attuned to the shadows. [demonic ancestry]
   108 | D:1      | Reached XP level 2. HP: 22/22 MP: 2/2
   886 | D:1      | Gained mutation: Your movements are slightly less encumbered by armour. (ER -2) [demonic ancestry]
   886 | D:1      | Reached XP level 3. HP: 26/27 MP: 3/3
   898 | D:1      | Gained mutation: You are weak. (Str -2) [potion of mutation]
   898 | D:1      | Gained mutation: Your magical capacity is low. (-10% MP) [potion of mutation]
   898 | D:1      | Gained mutation: Armour fits poorly on your strangely shaped body. [potion of mutation]
   898 | D:1      | Gained mutation: You can translocate small distances at will. [potion of mutation]
  1610 | D:2      | Noticed Terence
  1630 | D:2      | Slain by a gnoll

Skill      XL: |  1  2  3 |
---------------+----------+-----
Axes           | 3 |  3.5
Throwing       | 2 |  2.0
Dodging        | 3 |  3.0
Fighting       | |  2.3
Armour         | |  0.6
Stealth        | |  0.1

Action                   || total
-------------------------++-------
Melee: War axe           ||   106
  Use: Potion            ||     6
       Scroll            ||     3
 Stab: Sleeping          ||     1
  Eat: Ration            ||     1
Armor: Leather armour    ||    25
Dodge: Dodged            ||    81
